Cogmind - Beta 13 @@@ ROGUE MODE // 2024.04.09 @ 21:07:04 Player: Eschess Result: Destroyed by Z-Imprinter with Zionite Laser-M Performance ------------- Evolutions (1) 500 Regions Visited (5) 1000 Robots Destroyed (33) 165 Value Destroyed (826) 826 Prototype IDs (2) 40 Alien Tech Used (0) 0 Bonus (600) 600 TOTAL SCORE: 3131 Bonus ------- Met Imprinter 300 Was Imprinted 300 Cogmind --------- Core Integrity 0/400 Matter 113/300 Energy 264/265 System Corruption 0% Temperature Cool (9) Movement Rolling (120) Ox2 Location -7/Deep Caves Parts ------- > --- POWER (1) -------- Improved Ion Engine > --- PROPULSION (2) --- Armored Wheel > --- UTILITY (4) ------ Large Storage Unit Sensor Array Signal Interpreter > --- WEAPON (2) ------- Heavy Battle Rifle Grenade Launcher > --- INVENTORY (15) --- Ion Engine Light Nuclear Core Cooling System High-capacity Battery (250) Experimental Sensor Array Heavy Beamcaster Beam Cannon Plasma Cutter Peak State ------------ > --- POWER ------------ Improved Ion Engine > --- PROPULSION ------- Armored Wheel Armored Wheel > --- UTILITY ---------- Large Storage Unit Visual Processing Unit Sensor Array Signal Interpreter > --- WEAPON ----------- Heavy Beamcaster Battle Cannon > --- INVENTORY -------- Ion Engine Light Nuclear Core Light Treads Light Treads Improved Treads Cooling System High-capacity Battery Small Matter Pod Experimental Sensor Array Beam Cannon Heavy Assault Rifle Gauss Rifle Grenade Launcher Rocket Launcher Plasma Cutter [Rating: 22] Favorites ----------- Power Ion Engine Engine Ion Engine Propulsion Armored Wheel Treads Light Treads Wheel Armored Wheel Utility Large Storage Unit Device Sensor Array Storage Large Storage Unit Processor Signal Interpreter Protection Core Shielding Weapon Light Cannon Energy Gun Medium Laser Energy Cannon Beam Cannon Ballistic Gun Heavy Battle Rifle Ballistic Cannon Light Cannon Launcher Grenade Launcher Special Weapon Plasma Cutter Build | -11 -10 -9 -9 -7 -7 ------- Run | Yrd Mat Mat Min Zio Dee Slots Evolved 2 | . . 2 . . . Power . | . . . . . . Propulsion . | . . . . . . Utility 2 | . . 2 . . . Weapon . | . . . . . . Parts Attached 41 | 6 9 9 . 9 8 Power 2 | 1 . 1 . . . Engine 2 | 1 . 1 . . . Core . | . . . . . . Reactor . | . . . . . . Propulsion 9 | 2 2 1 . . 4 Treads 3 | . . . . . 3 Leg . | . . . . . . Wheel 6 | 2 2 1 . . 1 Hover . | . . . . . . Flight . | . . . . . . Utility 10 | 1 4 5 . . . Device 5 | . 2 3 . . . Storage 2 | 1 1 . . . . Processor 2 | . . 2 . . . Hackware . | . . . . . . Protection 1 | . 1 . . . . Artifact . | . . . . . . Weapon 20 | 2 3 2 . 9 4 Energy Gun 2 | 1 . . . 1 . Energy Cannon 4 | . 1 1 . 2 . Ballistic Gun 4 | 1 . . . 1 2 Ballistic Cannon 6 | . 2 1 . 3 . Launcher 2 | . . . . . 2 Special Weapon 2 | . . . . 2 . Impact Weapon . | . . . . . . Slashing Weapon . | . . . . . . Piercing Weapon . | . . . . . . Special Melee Weapon . | . . . . . . Unidentified Prototypes . | . . . . . . Parts Lost 13 | . . 4 . . 9 Power 1 | . . 1 . . . Propulsion 4 | . . . . . 4 Utility 3 | . . 2 . . 1 Weapon 5 | . . 1 . . 4 Highest Loss Streak 9 | . . 2 . . 9 To Critical Strikes . | . . . . . . Average Slot Usage (%) 98 | . 97 97 100 100 96 Engine 12 | . 14 10 11 11 11 Wheel 23 | . 28 21 22 22 18 Device 8 | . 2 13 11 11 11 Storage 12 | . 14 11 11 11 11 Processor 12 | . . 17 22 22 20 Protection 3 | . 9 . . . . Energy Gun 6 | . 12 . . 5 . Energy Cannon 4 | . 1 7 11 5 . Ballistic Gun 1 | . 1 . . . 10 Ballistic Cannon 11 | . 12 14 11 7 9 Naked Turns . | . . . . . . Heaviest Build 36 | 14 32 35 35 36 35 Greatest Support 24 | 20 24 24 24 24 24 Greatest Overweight (x) 2 | . 1 1 1 1 2 Average Overweight (x) . | . . 1 1 1 1 Largest Inventory Capacity 15 | 8 15 15 15 15 15 Average Capacity 14 | 7 14 15 15 15 15 Most Carried 15 | 5 15 15 15 15 15 Average Carried 13 | 2 12 14 14 14 14 Final Capacity 15 | 8 15 15 15 15 15 Final Carried 15 | 4 15 15 15 15 8 Class Distribution -------------------- 50% | Mutant 49% | Skirmisher Dominant Class ---------------- Mutant | -10/Materials Skirmisher | -9/Materials Skirmisher | -9/Mines Skirmisher | -7/Zion Skirmisher | -7/Deep Caves Resources | -11 -10 -9 -9 -7 -7 ----------- Run | Yrd Mat Mat Min Zio Dee Matter Collected 1052 | 243 234 476 . 67 32 Remotely . | . . . . . . Salvage Created 857 | . 221 530 . . 106 Parts 64 | . 20 38 . . 6 Haulers Intercepted 2 | . 1 1 . . . Recyclers Shooed . | . . . . . . Parts Field Recycled . | . . . . . . Retrieved Matter . | . . . . . . Parts Self-Destructed . | . . . . . . Prevented . | . . . . . . Kills | -11 -10 -9 -9 -7 -7 ------- Run | Yrd Mat Mat Min Zio Dee Combat Hostiles Destroyed 25 | . 6 15 . . 4 Guns 3 | . 2 . . . 1 Cannons 20 | . 4 15 . . 1 AOE 2 | . . . . . 2 Classes Destroyed 11 | . 6 3 . . 2 Worker 1 | . . 1 . . . Builder 1 | . 1 . . . . Tunneler 1 | . 1 . . . . Hauler 2 | . 1 1 . . . Watcher 5 | . 3 2 . . . Swarmer 7 | . 4 3 . . . Grunt 9 | . 2 7 . . . Duelist 1 | . . 1 . . . Sentry 4 | . . 4 . . . Z-Light 2 | . . . . . 2 Assembled 2 | . . . . . 2 Best Kill Streak 6 | . 6 4 . . 2 Combat Bots Only 4 | . 4 3 . . 2 Max Kills in Single Turn 1 | . 1 1 . . 1 Gunslinging . | . . . . . . Exploded 1 | . . . . . 1 Melee . | . . . . . . Uniques/NPCs Destroyed . | . . . . . . Combat | -11 -10 -9 -9 -7 -7 -------- Run | Yrd Mat Mat Min Zio Dee Hostile Shots Fired 176 | . 26 77 . . 73 Missed 46 | . 5 18 . . 23 Damage Taken 2465 | . 164 797 . . 1504 Core 440 | . 29 117 . . 294 Absorbed by Shields . | . . . . . . Redirected to Shielding 5 | . 5 . . . . Regen/Repaired (Parts) 46 | . 46 . . . . Core Remaining (%) 94 | 100 88 . . . . Volleys Fired 114 | . 33 63 . . 18 Largest 2 | . 2 2 . . 2 Hottest 99 | . 85 99 . . 72 Shots Fired 222 | . 65 126 . . 31 Gun 46 | . 33 . . . 13 Cannon 172 | . 32 126 . . 14 Launcher 4 | . . . . . 4 Special . | . . . . . . Kinetic 151 | . 33 91 . . 27 Thermal 67 | . 32 35 . . . Explosive 4 | . . . . . 4 Electromagnetic . | . . . . . . Robot Hit Streak 7 | . 3 7 . . 4 Robot Miss Streak 8 | . 6 8 . . 3 Penetration Max . | . . . . . . Secondary Targets . | . . . . . . Shots Hit Robots 103 | . 30 61 . . 12 Core Hits 50 | . 14 24 . . 12 Critical Kills . | . . . . . . Critical Parts Destroyed . | . . . . . . Critical Strikes 5 | . 2 3 . . . Burn 2 | . 2 . . . . Blast 3 | . . 3 . . . Melee Attacks . | . . . . . . Impact . | . . . . . . Slashing . | . . . . . . Piercing . | . . . . . . Sneak Attacks . | . . . . . . Combat Hostiles . | . . . . . . Follow-up Attacks . | . . . . . . Damage Inflicted 2373 | . 486 1268 . . 619 Guns 319 | . 188 . . . 131 Cannons 1698 | . 298 1249 . . 151 Explosions 337 | . . . . . 337 Melee . | . . . . . . Ramming 19 | . . 19 . . . Kinetic 1510 | . 298 930 . . 282 Thermal 507 | . 188 319 . . . Explosive 337 | . . . . . 337 Electromagnetic . | . . . . . . Impact . | . . . . . . Slashing . | . . . . . . Piercing . | . . . . . . Highest Corruption . | . . . . . . Average Corruption . | . . . . . . Corruption Purged . | . . . . . . Corruption Blocked . | . . . . . . Overload Shots . | . . . . . . Overflow Damage 36 | . . 21 . . 15 Projectiles 28 | . . 21 . . 7 Explosions 8 | . . . . . 8 Melee . | . . . . . . Knockbacks 17 | . 3 12 . . 2 Impact . | . . . . . . Kinetic 17 | . 3 12 . . 2 Secondary . | . . . . . . Self-Inflicted Damage 9 | . . 9 . . . Shots . | . . . . . . Rammed 2 | . . 2 . . . Targets Rammed 2 | . . 2 . . . Kicked . | . . . . . . Crushed . | . . . . . . Highest Temperature 237 | . 192 237 . . 172 Average Temperature 55 | . 67 38 . . 72 Received Heat Transfer 698 | . . 291 . . 407 Siege Activations . | . . . . . . Robots Corrupted . | . . . . . . Combat Hostiles . | . . . . . . Parts Fried . | . . . . . . Impact Corruptions . | . . . . . . Robots Melted . | . . . . . . Combat Hostiles . | . . . . . . Parts Melted 2 | . 1 1 . . . Heat Transferred 1369 | . 703 666 . . . Parts Sabotaged . | . . . . . . Parts Stolen . | . . . . . . Parts Stripped . | . . . . . . Power Chain Reactions . | . . . . . . Alert | -11 -10 -9 -9 -7 -7 ------- Run | Yrd Mat Mat Min Zio Dee Peak Influence 368 | . 157 368 108 . . Initial 108 | . . . 108 . . Average 101 | . 49 193 108 . . Maximum Alert Level 1 | . . 1 . . . Low Security (%) 80 | 100 100 43 100 . . Level 1 19 | . . 56 . . . Level 2 . | . . . . . . Level 3 . | . . . . . . Level 4 . | . . . . . . Level 5 . | . . . . . . High Security . | . . . . . . Max Security . | . . . . . . Squads Dispatched 2 | . 1 1 . . . Investigation . | . . . . . . Extermination . | . . . . . . Reinforcement 2 | . 1 1 . . . Assault . | . . . . . . Garrison . | . . . . . . Intercept . | . . . . . . Searches Triggered . | . . . . . . Construction Impeded . | . . . . . . Haulers Reinforced . | . . . . . . Active Scanning Responses . | . . . . . . Cargo Convoy Interrupts . | . . . . . . Stealth | -11 -10 -9 -9 -7 -7 --------- Run | Yrd Mat Mat Min Zio Dee Distress Signals 3 | . . 3 . . . Communications Jammed . | . . . . . . Distress Signals . | . . . . . . Times Spotted 46 | . 14 26 . . 6 Peak Tracking Total 6 | . 3 6 . . 3 Tactical Retreats 3 | . 1 2 . . . Traps | -11 -10 -9 -9 -7 -7 ------- Run | Yrd Mat Mat Min Zio Dee Traps Triggered . | . . . . . . Indirectly . | . . . . . . Trap Hack Attempts . | . . . . . . Triggered . | . . . . . . Disarmed 4 | . 4 . . . . Reprogrammed . | . . . . . . Reused . | . . . . . . Traps Extracted . | . . . . . . Installed . | . . . . . . Triggered . | . . . . . . Machines | -11 -10 -9 -9 -7 -7 ---------- Run | Yrd Mat Mat Min Zio Dee Machines Disabled 2 | . 1 . . . 1 Max in Single Turn 1 | . 1 . . . 1 Machines Repaired . | . . . . . . Machines Dismantled 4 | . . . . 4 . Machines Sabotaged . | . . . . . . Overloaded Fab Kills . | . . . . . . Hacking | -11 -10 -9 -9 -7 -7 --------- Run | Yrd Mat Mat Min Zio Dee Machines Accessed 10 | . 7 3 . . . Terminals 7 | . 5 2 . . . Fabricators . | . . . . . . Repair Stations 1 | . 1 . . . . Recycling Units 1 | . 1 . . . . Scanalyzers 1 | . . 1 . . . Garrison Access . | . . . . . . Total Hacks 43 | . 32 11 . . . Successful 25 | . 19 6 . . . Failed 18 | . 13 5 . . . Catastrophic 1 | . . 1 . . . Database Lockouts . | . . . . . . Manual 11 | . 9 2 . . . Terminals 34 | . 29 5 . . . Fabricators . | . . . . . . Repair Stations 2 | . 2 . . . . Recycling Units 1 | . 1 . . . . Scanalyzers 6 | . . 6 . . . Garrison Access . | . . . . . . Terminal Hacks 13 | . 13 . . . . Robot Analysis 1 | . 1 . . . . Prototype ID Bank 1 | . 1 . . . . Branch Access Points 1 | . 1 . . . . Emergency Access Points 1 | . 1 . . . . Terminal Index 1 | . 1 . . . . Alert Level 2 | . 2 . . . . Unreport Threat 1 | . 1 . . . . Disarm Traps 1 | . 1 . . . . Dispatch Records 1 | . 1 . . . . Investigation Status 1 | . 1 . . . . Reinforcement Status 1 | . 1 . . . . Registered Components 1 | . 1 . . . . Fabricator Hacks . | . . . . . . Repair Station Hacks 2 | . 2 . . . . Scan Component 1 | . 1 . . . . Repair 1 | . 1 . . . . Recycling Unit Hacks 1 | . 1 . . . . Retrieve Components 1 | . 1 . . . . Scanalyzer 6 | . . 6 . . . Insert Component 3 | . . 3 . . . Analyze 3 | . . 3 . . . Garrison Access Hacks . | . . . . . . Unauthorized Hacks 3 | . 3 . . . . Terminals 3 | . 3 . . . . Assimilate 1 | . 1 . . . . Botnet 2 | . 2 . . . . Fabricators . | . . . . . . Repair Stations . | . . . . . . Recycling Units . | . . . . . . Scanalyzers . | . . . . . . Garrison Access . | . . . . . . Data Cores Recovered . | . . . . . . Used . | . . . . . . Hacking Detections 9 | . 6 3 . . . Full Trace Events . | . . . . . . Feedback Events . | . . . . . . Feedback Blocked . | . . . . . . Robot Schematics Acquired 3 | . . . . 3 . Robots Built . | . . . . . . Authchips . | . . . . . . Time . | . . . . . . Total Robot Build Rating . | . . . . . . Part Schematics Acquired 18 | . . 3 . 15 . Parts Built . | . . . . . . Authchips . | . . . . . . Time . | . . . . . . Total Part Build Rating . | . . . . . . Parts Repaired 1 | . 1 . . . . Time 26 | . 26 . . . . Parts Recycled . | . . . . . . Recycled Matter . | . . . . . . Retrieved Matter . | . . . . . . Retrieved Components 1 | . 1 . . . . Parts Scanalyzed 3 | . . 3 . . . Part Schematics Acquired 3 | . . 3 . . . Parts Damaged . | . . . . . . Bothacking | -11 -10 -9 -9 -7 -7 ------------ Run | Yrd Mat Mat Min Zio Dee Used RIF Installer . | . . . . . . Robots Hacked . | . . . . . . Non-combat . | . . . . . . Combat . | . . . . . . Robot Hacks Applied . | . . . . . . Relay Couplers Released . | . . . . . . Fabnet Peak Effective % . | . . . . . . Robots Rewired . | . . . . . . Allies Hacked . | . . . . . . Hacks Repelled . | . . . . . . Allies | -11 -10 -9 -9 -7 -7 -------- Run | Yrd Mat Mat Min Zio Dee Total Allies 6 | . 1 . 1 4 . Largest Group 4 | . 1 1 1 4 . Highest-Rated Group 153 | . 10 9 31 153 . Highest-Rated Ally 41 | . 10 9 31 41 . Total Orders . | . . . . . . Ally Attacks 1 | . . . . . 1 Total Damage 24 | . . . . . 24 Kills 1 | . . . . . 1 Allies Corrupted . | . . . . . . Allies Melted . | . . . . . . Intel | -11 -10 -9 -9 -7 -7 ------- Run | Yrd Mat Mat Min Zio Dee Robot Analysis Total 1 | . 1 . . . . Derelict Logs Recovered 2 | . . . . 2 . Drone Launches . | . . . . . . Drone Recoveries . | . . . . . . Exploration | -11 -10 -9 -9 -7 -7 ------------- Run | Yrd Mat Mat Min Zio Dee Turns Passed 2472 | 59 898 566 92 679 178 Spaces Moved 1762 | 63 710 272 85 520 112 Core 23 | 23 . . . . . Treads 2 | . . . . . 2 Legs . | . . . . . . Wheels 1737 | 40 710 272 85 520 110 Hover . | . . . . . . Flight . | . . . . . . Fastest Speed 50 | 50 80 105 105 105 105 Average Speed 99 | 69 94 105 105 105 107 Slowest Speed 240 | 80 105 105 105 105 240 Overloaded Moves . | . . . . . . Propulsion Burnouts . | . . . . . . Robots Hopped . | . . . . . . Cave-ins Triggered . | . . . . . . Exploration Rate (%) 43 | 3 99 38 28 69 26 Regions Visited 5 Branch Regions 3 Pre-discovered Areas . | . . . . . . Known Exits Taken 3 | . . 1 1 1 . Unknown Exits Taken 2 | 1 1 . . . . Scrap Searched 1 | . . . . 1 . Spaces Dug . | . . . . . . Terrain Destroyed 2 | . . 2 . . . Melee . | . . . . . . Projectile 2 | . . 2 . . . AOE . | . . . . . . Terrain Rammed . | . . . . . . Walls Destroyed . | . . . . . . Machines Disabled . | . . . . . . Actions | -11 -10 -9 -9 -7 -7 --------- Run | Yrd Mat Mat Min Zio Dee Total 2192 | 78 876 428 88 584 138 Wait 162 | . 86 68 2 6 . Move 1757 | 62 709 271 84 519 112 Hop . | . . . . . . Pick Up 55 | 10 26 11 1 7 . Fast Attach . | . . . . . . Attach 25 | 6 3 7 . 2 7 Detach . | . . . . . . Swap 16 | . 6 2 . 7 1 Drop 25 | . 13 4 1 7 . Fire 114 | . 33 63 . . 18 Melee . | . . . . . . Ram 2 | . . 2 . . . Kick . | . . . . . . Crush . | . . . . . . Escape Stasis . | . . . . . . Rewire . | . . . . . . Trap . | . . . . . . Miscellaneous 36 | . . . . 36 . Route ------- -11/Scrapyard -10/Materials (discovered 4 exits: *Mat x3 / *Min) -9/Materials -9/Mines -7/Zion (discovered 2 exits: *Dee / Pro) -7/Deep Caves History --------- Turn | Location | Event 2 | -11/Scrapyard | Met Revision 17 10 | -11/Scrapyard | Discovered new exit (range 15) 60 | -11/Scrapyard | Entered Materials 78 | -10/Materials | Identified exit to Mines 201 | -10/Materials | Discovered new exit (range 9) 310 | -10/Materials | Build established: Mutant 635 | -10/Materials | Repaired Lgt. Cannon 694 | -10/Materials | Discovered new exit (range 11) 823 | -10/Materials | Discovered new exit (range 8) 958 | -10/Materials | Entered another Materials area 958 | -9/Materials | Accompanied by 1 ally 958 | -9/Materials | Evolved 2 slots: Utility x2 1414 | -9/Materials | Discovered new exit (range 12) 1475 | -9/Materials | Identified exit to Mines 1524 | -9/Materials | Entered Mines 1543 | -9/Mines | Assembled infested the area 1557 | -9/Mines | Found a damaged Exp. Sensor Array with a note attached 1560 | -9/Mines | Found Prototype Device 1593 | -9/Mines | Received a Mining Laser from a helpful Derelict 1609 | -9/Mines | A Derelict revealed a hidden shortcut to a safe place 1613 | -9/Mines | Identified exit to Zion 1616 | -9/Mines | Entered Zion 1616 | -7/Zion | Accompanied by 1 ally 1635 | -7/Zion | Acquired unknown access codes intercepted by a Zionite 1637 | -7/Zion | Build established: Skirmisher 2019 | -7/Zion | Imprinted 2021 | -7/Zion | Declared Zion's savior 2113 | -7/Zion | Identified exit to Proximity Caves 2140 | -7/Zion | Given A8's code to call for help 2286 | -7/Zion | Discovered new exit (range 5) 2289 | -7/Zion | Saw the warning signs outside the Deep Caves entrance 2291 | -7/Zion | Identified exit to Deep Caves 2295 | -7/Zion | Entered Deep Caves 2295 | -7/Deep Caves | Accompanied by 4 allies 2427 | -7/Deep Caves | Attacked by Z-Imprinter 2430 | -7/Deep Caves | Z-Facility disabled 2450 | -7/Deep Caves | Core integrity fell below 50% 2464 | -7/Deep Caves | Core integrity fell below 20% 2473 | -7/Deep Caves | Destroyed by Z-Imprinter with Zionite Laser-M Last Messages --------------- Acquired 8 matter. Acquired 5 matter. Acquired 15 matter. Acquired 4 matter. NEW_ZION: Z-Facility proximity alert. Z-Imprinter: GET AWAY FROM HERE! I've worked too hard for our future just to have you ruin everything! Z-Facility disabled. Arm. Wheel destroyed. Hvy. Battle Rifle destroyed. Slug penetrates Z-Imprinter. Visual Processing Unit destroyed. Imp. Treads destroyed. Gauss Rifle destroyed. Battle Cannon destroyed. YH-DXM(z) destroyed. Rocket Launcher destroyed. Lgt. Treads destroyed. [Achievement: Just Browsing] [Achievement: Achiever] Map ----- +----------------------------------------------------+ | | | | | | | | | | | | | | | | | | | | | | | | | | | | | | | | | | | | | | | | | | | | | | | | | ???????????????????????####??????????????????????? | | ?????????????###########;@##?????????????????????? | | ??????????#### ##????????????????????? | | ??????????# ###??###?????????????? | | ?????????# ;;#### ##?????######?? | | ????????? ;" # #???### ##? | | ????????? ##### #? | | ????????? #? | | ????????? #? | | ?????????? #?? | | ?????????? #?? | | ???????????"""" """"" ##? | | ?????????????""""""""""" I ## | | ???????????????"?""""""" | | ???????????????????""""" ! | | ????????????????????" | | ????????????????????"""" | | ????????????????????"""" % ## | | ??????????????????????"" ##? | | ??????????????????????"" #?? | | ????????????????????? " #?? | | ???????????????????" #? | | ??????????????????? #? | | ???????????????????? #? | | ???????????????????? ##? | | ?????????????????????" #?? | +----------------------------------------------------+ Best States ------------- Heat Dissipation 38 Energy Generation 12 Energy Capacity 265 Matter Stores 300 Matter Capacity 300 Sight Range 18 Robot Scan Range 14 Terrain Scan Density 10 Core Shielding 20 Evasion (%) 50 Recoil Reduction 2 Item Schematics ----------------- Arm. Wheel | -9/Materials | Scanalyzed Plasma Cutter | -9/Materials | Scanalyzed Hcp. Battery | -9/Materials | Scanalyzed Imp. Kinecellerator | -7/Zion | Archive Mak. Axe | -7/Zion | Archive 0b10 Decoder Chip [Skirmisher] | -7/Zion | Archive Hvy. Ion Cannon | -7/Zion | Archive Cloaking Device | -7/Zion | Archive Spear | -7/Zion | Archive Coil Gun | -7/Zion | Archive Arc Projector | -7/Zion | Archive Adv. Assault Cannon | -7/Zion | Archive Imp. Particle Charger | -7/Zion | Archive KE Penetrator | -7/Zion | Archive Imp. Hardlight Generator | -7/Zion | Archive Imp. EM Pulse Cannon | -7/Zion | Archive Imp. Medium Armor Plating | -7/Zion | Archive Thermal Shield | -7/Zion | Archive Robot Schematics ------------------ S-27 Virus | -7/Zion | Archive Y-54 Guardian | -7/Zion | Archive M-14 Sweeper | -7/Zion | Archive Fabricated ------------ Nothing Alien Tech Used ----------------- None Achievements -------------- Achiever Just Browsing Signs Are For Wimps The One Challenges ------------ None Game ------ Seed SchematicCloakingJammer Manual? 0 Play Time 00:41:48 Cumulative 20.9 hours Start 2024.04.09 @ 10:28:07 End 2024.04.09 @ 21:07:04 Sessions 2 Manual Loads 0 Difficulty Rogue Special Mode None Game No. 14 Rogue 14 Adventurer 0 Explorer 0 Win Type - Total 0 Types 0/0/0/0/0/0/0/0/0 Lore% 12 Gallery% 25 Achievement% 25 Wizard Run 0 Options --------- Layout 0 ASCII 0 Keyboard 0 Movement Mouse Keybinds 0 Fullscreen 1 Font 18/SmallcapsGlow Map View 76x50 Zoom Use 0% Tactical HUD 0 Map Filters NONE Filters NONE Steam 1 RUN: f5938b7f-d510-4e8b-bbda-87f6c3d996b0